Map: Cosmic Sapphire

Players

A.I. 1 (Very Easy) - Winner!

  • Race: Zerg Zerg
  • Spawn Location: 5:00

flashandfoul

  • Race: Protoss Protoss
  • League: Diamond
  • Spawn Location: 11:00

VOD

Have the link to the VOD?

Description

Time

  • Played on: Oct. 24, 2022, 8:54 p.m.
  • Length: 7:53
Show
View Real Time Build Order
Export as new Build Order

A.I. 1 (Very Easy) Zerg - Winner!

Build Orders: Hatch First 

Get SALT Encoding   

  12  0:01  Drone  
  13  0:12  Overlord  
  13  0:16  Drone  
  14  0:42  Hatchery  
  13  0:45  Drone  
  14  1:03  Spawning Pool  
  13  1:04  Extractor  
  13  1:07  Drone  
  13  1:14  Drone  
  14  1:19  Overlord  
  14  1:51  Queen, Zergling x2  
  14  1:52  Zergling x2  
  18  1:58  Roach Warren  
  17  2:06  Drone  
  18  2:09  Extractor  
  18  2:13  Drone  
  18  2:18  Zergling x2  
  19  2:23  Drone  
  20  2:30  Drone  
  21  2:37  Drone  
  22  2:45  Drone  
  23  2:52  Drone  
  24  2:59  Drone  
  24  3:01  Lair  
  24  3:28  Drone  
  25  3:35  Drone  
  25  3:39  Zergling x2  
  27  3:42  Drone  
  27  3:46  Overlord  
  28  3:50  Drone  
  29  3:58  Drone  
  29  4:01  Spire  
  29  4:05  Drone  
  30  4:10  Overseer  
  30  4:12  Drone  
  30  4:15  Overseer  
  31  4:19  Drone  
  32  4:26  Drone  
  32  4:28  Overlord  
  33  4:33  Drone  
  34  4:41  Drone  
  35  4:48  Drone  
  36  4:55  Drone  
  36  4:56  Extractor  
  36  5:02  Drone  
  36  5:03  Extractor  
  36  5:09  Drone  
  36  5:13  Mutalisk  
  39  5:16  Drone  
  40  5:24  Drone  
  41  5:31  Drone  
  42  5:39  Drone  
  42  5:40  Overlord  
  43  5:46  Drone  
  44  5:53  Mutalisk, Drone  
  47  6:00  Drone  
  48  6:08  Drone  
  49  7:26  Zergling x2  
  49  7:28  Overlord  
  45  7:33  Drone, Overseer  
  37  7:41  Drone  
Show
View Real Time Build Order
Export as new Build Order

flashandfoul Protoss 

Build Orders: 1 Gate Expand, Zealot Archon, Archon Drop, Dark Templar Rush 

Get SALT Encoding   

  12  0:00  Probe  
  13  0:12  Probe  
  14  0:18  Pylon  
  14  0:24  Probe (Chrono Boost)  
  15  0:36  Probe (Chrono Boost)  
  15  0:39  Gateway  
  16  0:44  Probe (Chrono Boost)  
  16  0:47  Assimilator  
  17  0:51  Probe  
  18  1:03  Probe  
  19  1:15  Probe  
  20  1:23  Nexus  
  20  1:34  Cybernetics Core  
  20  1:36  Probe  
  21  1:41  Assimilator  
  21  1:48  Probe  
  21  1:51  Pylon  
  22  2:00  Probe  
  23  2:07  Adept (Chrono Boost)  
  23  2:11  Warp Gate  
  23  2:13  Probe  
  26  2:21  Twilight Council  
  26  2:25  Probe (Chrono Boost)  
  26  2:29  Stalker  
  27  2:36  Probe (Chrono Boost)  
  30  2:43  Probe (Chrono Boost)  
  31  2:45  Probe (Chrono Boost)  
  31  2:50  Probe (Chrono Boost)  
  33  2:51  Robotics Facility  
  33  2:52  Probe  
  34  3:01  Probe  
  34  3:04  Probe  
  36  3:13  Probe  
  36  3:16  Probe  
  36  3:17  Dark Shrine  
  38  3:25  Probe, Gateway  
  37  3:29  Probe, Gateway  
  38  3:36  Gateway  
  38  3:37  Probe  
  38  3:41  Probe  
  40  3:45  Warp Prism (Chrono Boost)  
  42  3:49  Probe  
  42  3:53  Probe  
  42  3:55  Pylon  
  44  3:58  Assimilator  
  44  4:00  Assimilator  
  44  4:01  Probe  
  45  4:05  Probe  
  46  4:14  Observer, Probe  
  48  4:17  Probe  
  48  4:23  Pylon  
  49  4:34  Pylon  
  49  4:44  Dark Templar x3  
  49  4:45  Dark Templar  
  57  4:50  Probe  
  57  4:52  Immortal (Chrono Boost)  
  58  4:54  Pylon  
  58  4:56  Pylon  
  62  5:06  Gateway  
  62  5:07  Gateway  
  62  5:08  Gateway  
  62  5:09  Charge (Chrono Boost)  
  62  5:11  Gateway  
  62  5:12  Gateway  
  62  5:23  Templar Archives  
  62  5:26  Adept  
  62  5:27  Adept  
  66  5:38  Nexus  
  66  5:40  Pylon  
  66  5:45  Immortal (Chrono Boost)  
  70  5:50  Archon  
  70  5:51  Archon  
  70  5:58  Probe  
  70  5:59  Probe  
  72  6:05  High Templar  
  72  6:10  Zealot x2  
  78  6:15  Pylon  
  78  6:17  Pylon, Immortal  
  82  6:19  Shield Battery  
  82  6:22  High Templar  
  84  6:27  High Templar  
  86  6:33  Pylon  
  86  6:34  Zealot, Pylon  
  86  6:37  Pylon  
  86  6:39  Archon  
  88  6:44  Zealot  
  88  6:45  Zealot x2  
  88  6:47  High Templar  
  96  6:49  Zealot  
  96  6:51  Zealot, Archon  
  100  7:03  Zealot x3  
  106  7:09  Zealot, High Templar  
  106  7:10  Zealot x2  
  106  7:12  High Templar  
  116  7:16  Archon  
  116  7:20  Zealot  
  118  7:24  Zealot x3  
  124  7:37  Zealot x3  
  130  7:44  Pylon  
  130  7:46  Pylon  
  130  7:47  Zealot  
  130  7:48  Pylon  
  130  7:50  Pylon, High Templar x2  
Tags
 
Add a new tag
Caveats
  • Supply blocks, unpowered buildings, or Contaminate may cause inaccurate times.
  • Supply counts are checked every 10 seconds.